 Dungeon Crawl Stone Soup version 0.28.0-43-g3370ac3207 (webtiles) character file.

Game seed: 4787662839062551623

343 GreyFruit the Distorting Demonspawn (level 6, -3/48 HPs)
             Began as a Demonspawn Abyssal Knight on Mar 7, 2022.
             Was a Believer of Lugonu.
             Killed from afar by an orc wizard (8 damage)
             ... with a magic dart
             ... on level 5 of the Dungeon.
             The game lasted 00:09:05 (4113 turns).

GreyFruit the Distorting Demonspawn (DsAK)          Turns: 4113, Time: 00:09:05

Health: -3/48      AC:  3    Str: 15    XL:     6   Next: 31%
Magic:  9/9        EV: 14    Int: 11    God:    Lugonu [**....]
Gold:   172        SH:  0    Dex: 14    Spells: 5/5 levels left

rFire   + . .      SeeInvis .   l - +0 short sword (venom)
rCold   . . .      Faith    .   (no shield)
rNeg    . . .      Spirit   .   b - +0 leather armour
rPois   .          Reflect  .   (no helmet)
rElec   .          Harm     .   (no cloak)
rCorr   .          Rampage  .   (no gloves)
Will    .....                   (no boots)
Stlth   +.........              (no amulet)
HPRegen 0.16/turn               h - ring of protection from fire
MPRegen 0.11/turn               (no ring)

@: confused
A: hooves 1, repulsion field 1, foul stench 1
a: Renounce Religion, Depart the Abyss, Bend Space


You were on level 5 of the Dungeon.
You worshipped Lugonu.
Lugonu was pleased with you.
You visited 1 branch of the dungeon, and saw 5 of its levels.
You visited the Abyss 1 time.

You collected 172 gold pieces.

Inventory:

Hand Weapons
 a - a +1 spear
 l - a +0 short sword of venom (weapon)
Armour
 b - a +0 leather armour (worn)
Jewellery
 h - a ring of protection from fire (left hand)
Wands
 o - a wand of paralysis (9)
Scrolls
 d - a scroll of enchant armour
 e - a scroll of fog
 f - a scroll of identify
 g - 2 scrolls of enchant weapon
 i - a scroll of immolation
 k - a scroll of amnesia
 m - a scroll of noise {unknown}
Potions
 c - a potion of flight {unknown}
 j - a potion of brilliance
 n - 2 potions of haste {unknown}


   Skills:
 + Level 4.1 Fighting
 + Level 3.0 Polearms
 + Level 3.1 Armour
 + Level 2.6 Dodging
 + Level 4.4 Invocations


You had 5 spell levels left.
You didn't know any spells.
Your spell library was empty.

Dungeon Overview and Level Annotations

Branches:
Dungeon (5/15)             Temple (0/1) D:4

Altars:
Elyvilon
Gozag
Makhleb
Qazlal
Ru
Uskayaw

Annotations:
D:3 1 runed translucent door, joakim's ghost, amateur MiBe


Innate Abilities, Weirdness & Mutations

You have large cloven feet.
You are surrounded by a mild repulsion field. (EV +2)
You may rarely emit foul miasma when damaged in melee.


Message History

You are too confused!
You are too confused!
The orc barely misses you.
A magic dart appears from out of thin air!
The magic dart hits you!
Items here: $ )) [[.
You barely miss the orc. Your kick misses the orc.
The orc is severely wounded.
The orc hits you with a +0 flail.
You hear some strange, mumbled words.
A puff of flame appears from out of thin air!
The puff of flame hits you. You resist.
You bump into the rock wall.
The orc hits you with a +0 flail.
You bump into the rock wall.
You feel less confused. The orc barely misses you.
You hear some strange, mumbled words.
A puff of flame appears from out of thin air!
The puff of flame hits you. You resist.
* * * LOW HITPOINT WARNING * * *
You barely miss the orc. You kick the orc.
You kill the orc!
Lugonu accepts your kill.
You can now bend space around yourself.
You hit something. Your kick misses something.
Something hits you but does no damage.
You closely miss something. Your kick misses something. Something hits you.
* * * LOW HITPOINT WARNING * * *
You barely miss something. You kick something.
You hear some strange, mumbled words.
A puff of flame appears from out of thin air!
The puff of flame hits you. You resist.
* * * LOW HITPOINT WARNING * * *
You closely miss something. Your kick misses something. Something hits you.
* * * LOW HITPOINT WARNING * * *
You hit something. Something hits you but does no damage.
You hear some strange, mumbled words.
You are confused.
A magic dart appears from out of thin air!
The magic dart hits you!
You die...

#########
#.......#
#.......#
#....<..###
##............
#..@.....#####
#........#
#.{......#
#.######## #)#
#...)# #.....#
#.......
#........


There were no monsters in sight!

Vanquished Creatures
  A necrophage (D:4)
  A scorpion (D:4)
  An orc wizard (D:5)
  9 adders
  2 adder skeletons (D:4)
  4 worms
  3 dart slugs
  3 orcs (D:5)
  10 endoplasms
  5 goblins
  6 hobgoblins
  A quokka (D:1)
  8 ball pythons
  A bat (D:3)
  4 frilled lizards
  5 kobolds
  11 rats
75 creatures vanquished.

Notes
Turn   | Place    | Note
-------+----------+-------------------------------------------
     0 | Abyss:1  | GreyFruit the Demonspawn Abyssal Knight began the quest for
                  | the Orb.
     0 | Abyss:1  | Reached XP level 1. HP: 18/18 MP: 2/2
    43 | Abyss:1  | Noticed a ynoxinul
    96 | Abyss:2  | Noticed a small abomination
   106 | Abyss:2  | Noticed a tormentor
   107 | D:1      | Escaped the Abyss
   147 | D:1      | Reached skill level 1 in Dodging
   247 | D:1      | Found a faded altar of an unknown god.
   253 | D:1      | Gained mutation: You have large cloven feet. [demonic
                  | ancestry]
   253 | D:1      | Reached XP level 2. HP: 24/24 MP: 4/4
   389 | D:1      | Reached * piety under Lugonu
  1025 | D:2      | Reached XP level 3. HP: 20/29 MP: 5/5
  1813 | D:3      | Reached XP level 4. HP: 21/35 MP: 6/6
  1968 | D:3      | Found an opulent altar of Gozag.
  1981 | D:3      | Found a runed translucent door.
  1983 | D:3      | Noticed joakim's ghost (amateur MiBe)
  2665 | D:4      | Found a stormy altar of Qazlal.
  2693 | D:4      | Found a burning altar of Makhleb.
  2703 | D:4      | Noticed a necrophage
  2744 | D:4      | Killed a necrophage
  2745 | D:4      | Gained mutation: You may rarely emit foul miasma when
                  | damaged in melee. [demonic ancestry]
  2745 | D:4      | Reached XP level 5. HP: 4/42 MP: 7/7
  3064 | D:4      | Found a hide-covered altar of Uskayaw.
  3215 | D:4      | Found a sacrificial altar of Ru.
  3245 | D:4      | Found a staircase to the Ecumenical Temple.
  3321 | D:4      | Gained mutation: You are surrounded by a mild repulsion
                  | field. (EV +2) [demonic ancestry]
  3321 | D:4      | Reached XP level 6. HP: 18/48 MP: 9/9
  4070 | D:5      | Entered Level 5 of the Dungeon
  4104 | D:5      | Reached ** piety under Lugonu
  4113 | D:5      | Killed from afar by an orc wizard

Illustrated notes

Levels and vault maps discovered:
D:1:      dpeg_arrival_round_c, layout_rooms,
          hellmonk_ecumenical_altar_inner_sanctum, minmay_misc_feat_square
D:2:      layout_loops_corners, minivault_24, hangedman_decor_growths
D:3:      layout_rooms, nicolae_gozag_seed_capital,
          mainiacjoe_overflow_concentric_impassable, gammafunk_ghost_grave,
          minivault_27
D:4:      layout_rooms, mainiacjoe_overflow_catch_the_wave,
          lemuel_crystal_altar, mainiacjoe_overflow_chevrons,
          minmay_temple_entry_purple_smoke, lightli_sewer_entry_pipes
D:5:      layout_loops_ring, overflow_temple_1_default,
          nicolae_sif_muna_condensation, uniq_sigmund

Skill      XL: |  1  2  3  4  5  6 |
---------------+-------------------+-----
Dodging        | 1 2 |  2.6
Polearms       | 2 3 |  3.0
Armour         | 2 3 |  3.1
Invocations    | 3 4 |  4.4
Fighting       | 4 |  4.1

Action                   |  1- 3 |  4- 6 || total
-------------------------+-------+-------++-------
Melee: Spear             |    65 |       ||    65
       Kick              |     8 |    49 ||    57
       Short sword       |    24 |   160 ||   184
Invok: Depart the Abyss  |     1 |       ||     1
  Use: Potion            |     1 |     4 ||     5
       Scroll            |       |     8 ||     8
 Stab: Sleeping          |     1 |       ||     1
Armor: Leather armour    |    11 |    24 ||    35
Dodge: Dodged            |    37 |    97 ||   134
